 Dungeon Crawl Stone Soup version 0.23.2-40-g277498a001 (webtiles) character file.

Game seed: 2212645761563950628

495 Hylith the Grasshopper (level 7, -4/56 HPs)
             Began as a Gnoll Warper on Aug 22, 2019.
             Slain by a wight
             ... wielding a +0 great sword
              (15 damage)
             ... on level 6 of the Dungeon.
             The game lasted 00:08:21 (4816 turns).

Hylith the Grasshopper (Gnoll Warper)               Turns: 4816, Time: 00:08:21

Health: -4/56      AC:  9    Str: 13    XL:     7   Next: 15%
Magic:  15/15      EV: 12    Int: 17    God:
Gold:   297        SH:  0    Dex: 15    Spells: 12/17 levels left

rFire    . . .     SeeInvis .   v - +0 hand axe "Vappys" {drain, Stlth+} (curse)
rCold    . . .     Gourm    .   (no shield)
rNeg     . . .     Faith    .   h - +1 ring mail
rPois    .         Spirit   .   (no helmet)
rElec    .         Reflect  .   (no cloak)
rCorr    .         Harm     .   (no gloves)
MR       .....                  t - +2 pair of boots
Stlth    ++........             (no amulet)
HPRegen  0.18/turn              o - ring of flight
MPRegen  0.14/turn              (no ring)

@: drained
A: distributed training, fangs 1, strong nose
a: Evoke Flight


You were on level 6 of the Dungeon.
You were not hungry.

You visited 1 branch of the dungeon, and saw 6 of its levels.

You collected 297 gold pieces.

Inventory:

Hand Weapons
 m - a +2 whip of flaming
 v - the cursed +0 hand axe "Vappys" (weapon) {drain, Stlth+}
   (You found it on level 4 of the Dungeon)

   A truly terrible weapon, it drains the life of those it strikes.
   It makes you more stealthy.
   It has a curse placed upon it.
Missiles
 b - 187 stones
 d - 5 tomahawks of dispersal (quivered)
 l - 7 tomahawks
Armour
 h - a +1 ring mail (worn)
 t - a +2 pair of boots (worn)
 y - a +0 crystal plate armour
Jewellery
 o - a ring of flight (left hand)
Wands
 j - a wand of clouds (5)
 s - a wand of flame (14)
Scrolls
 a - 2 scrolls of teleportation
 c - a scroll of blinking
 k - 5 scrolls of amnesia
Potions
 e - 2 potions of heal wounds
 g - 7 potions of curing
 n - 2 potions of lignification {unknown}
 p - 2 potions of brilliance {unknown}
 q - 2 potions of might
 u - 2 potions of resistance
 w - 2 potions of berserk rage
 x - a potion of agility
Comestibles
 f - 7 rations


   Skills:
 + Level 5.1(4.1) Fighting
 + Level 2.2(1.3) Short Blades
 + Level 2.2(1.3) Long Blades
 + Level 2.2(1.3) Axes
 + Level 2.2(1.3) Maces & Flails
 + Level 2.2(1.3) Polearms
 + Level 2.2(1.3) Staves
 + Level 2.2(1.3) Slings
 + Level 2.2(1.3) Bows
 + Level 2.2(1.3) Crossbows
 + Level 3.4(2.5) Throwing
 + Level 3.4(2.5) Armour
 + Level 5.1(4.1) Dodging
 + Level 2.2(1.3) Stealth
 + Level 2.2(1.3) Shields
 + Level 5.1(4.1) Unarmed Combat
 + Level 5.5(4.5) Spellcasting
 + Level 1.8(0.9) Conjurations
 + Level 1.8(0.9) Hexes
 + Level 1.8(0.9) Charms
 + Level 1.8(0.9) Summonings
 + Level 1.8(0.9) Necromancy
 + Level 5.7(4.7) Translocations
 + Level 1.8(0.9) Transmutations
 + Level 1.8(0.9) Fire Magic
 + Level 1.8(0.9) Ice Magic
 + Level 1.8(0.9) Air Magic
 + Level 1.8(0.9) Earth Magic
 + Level 1.8(0.9) Poison Magic
 + Level 2.5(1.6) Invocations
 + Level 2.2(1.3) Evocations


You had 12 spell levels left.
You knew the following spells:

 Your Spells              Type           Power        Failure   Level  Hunger
b - Blink                 Tloc           N/A          7%          2    ##.....
o - Teleport Other        Tloc           ###.....     13%         3    ###....

Your spell library contained the following spells:

 Spells                   Type           Power        Failure   Level  Hunger
 Gell's Gravitas          Tloc           ###.......   13%         3    ###....
 Lesser Beckoning         Tloc           ###.......   13%         3    ###....
 Shroud of Golubria       Chrm/Tloc      ##........   14%         2    ##.....
 Passage of Golubria      Tloc           N/A          41%         4    ####...


Dungeon Overview and Level Annotations

Branches:
Dungeon (6/15)
 Temple: D:4-7

Altars:
Elyvilon
Ru
Trog
Yredelemnul
The Shining One


Innate Abilities, Weirdness & Mutations

Your experience applies equally to all skills.
You have very sharp teeth.
Your uncanny sense of smell can sniff out nearby items.


Message History

You closely miss the wight. Your punch misses the wight.
The wight is heavily damaged.
The wight hits you with a +0 great sword!
You hit the wight.
The wight is almost destroyed.
The wight hits you with a +0 great sword.
You feel drained.
* * * LOW HITPOINT WARNING * * *
You closely miss the wight. You bite the wight, but do no damage.
The wight is almost destroyed.
The wight hits you with a +0 great sword.
* * * LOW HITPOINT WARNING * * *
You feel drained.
You closely miss the wight.
The wight is almost destroyed.
The wight barely misses you.
You barely miss the wight.
The wight is almost destroyed.
The wight hits you with a +0 great sword!
You die...

........##.## #......).
#....##..###.....(..
._....#..........####.#
#.##. #..........#.....
# z. #..........#.....
#.# #..........#.....
.#... #..........#.....
......##.###....###...(.
......z@........# #....#
.....?#)........# #....#
..... #......... #.....
.... #######..####.....
... #.............. ##
#..............
#..............
##############.######.#
#......#######..#####.#


You could see a wight.

Vanquished Creatures
  A centaur (D:6)
  A big kobold (D:4)
  A wight (D:6)
  A crimson imp (D:5)
  A bullfrog zombie (D:6)
  2 orc wizards (D:3)
  4 adders
  2 oozes (D:1)
  An adder skeleton (D:4)
  2 worms (D:2)
  3 dart slugs
  2 leopard geckos
  15 orcs
  5 giant cockroaches
  7 goblins
  8 hobgoblins
  3 ball pythons
  10 bats
  4 frilled lizards
  24 kobolds
  6 rats
  A plant (D:4)
104 creatures vanquished.

Vanquished Creatures (others)
  An adder (D:6)
  2 plants (D:4)
3 creatures vanquished.

Grand Total: 107 creatures vanquished

Notes
Turn   | Place    | Note
-------+----------+-------------------------------------------
     0 | D:1      | Hylith the Gnoll Warper began the quest for the Orb.
     0 | D:1      | Reached XP level 1. HP: 20/20 MP: 6/6
    61 | D:1      | Reached XP level 2. HP: 22/26 MP: 7/7
   253 | D:1      | Reached XP level 3. HP: 31/31 MP: 9/9
   279 | D:1      | Reached skill level 5 in Spellcasting
   914 | D:2      | Reached skill level 1 in Invocations
   962 | D:2      | Reached skill level 1 in Short Blades
   962 | D:2      | Reached skill level 1 in Long Blades
   962 | D:2      | Reached skill level 1 in Axes
   962 | D:2      | Reached skill level 1 in Maces & Flails
   962 | D:2      | Reached skill level 1 in Polearms
   962 | D:2      | Reached skill level 1 in Staves
   962 | D:2      | Reached skill level 1 in Slings
   962 | D:2      | Reached skill level 1 in Bows
   962 | D:2      | Reached skill level 1 in Crossbows
   962 | D:2      | Reached skill level 1 in Stealth
   962 | D:2      | Reached skill level 1 in Shields
   962 | D:2      | Reached skill level 1 in Evocations
   978 | D:2      | Reached XP level 4. HP: 23/38 MP: 11/11
  1293 | D:2      | Found a glowing golden altar of the Shining One.
  1301 | D:2      | Found a white marble altar of Elyvilon.
  2037 | D:3      | Learned a level 2 spell: Blink
  2041 | D:3      | Learned a level 3 spell: Teleport Other
  2049 | D:3      | Reached skill level 1 in Conjurations
  2049 | D:3      | Reached skill level 1 in Hexes
  2049 | D:3      | Reached skill level 1 in Charms
  2049 | D:3      | Reached skill level 1 in Summonings
  2049 | D:3      | Reached skill level 1 in Necromancy
  2049 | D:3      | Reached skill level 1 in Transmutations
  2049 | D:3      | Reached skill level 1 in Fire Magic
  2049 | D:3      | Reached skill level 1 in Ice Magic
  2049 | D:3      | Reached skill level 1 in Air Magic
  2049 | D:3      | Reached skill level 1 in Earth Magic
  2049 | D:3      | Reached skill level 1 in Poison Magic
  2287 | D:3      | Reached XP level 5. HP: 40/43 MP: 12/12
  3047 | D:4      | You fall through a shaft!
  3047 | D:5      | Entered Level 5 of the Dungeon
  3047 | D:5      | Found a bloodstained altar of Trog.
  3167 | D:5      | Reached XP level 6. HP: 38/50 MP: 13/13
  4132 | D:4      | Reached skill level 5 in Fighting
  4132 | D:4      | Reached skill level 5 in Dodging
  4132 | D:4      | Reached skill level 5 in Unarmed Combat
  4178 | D:4      | Got a steaming hand axe
  4179 | D:4      | Identified the cursed +0 hand axe "Vappys" {drain, Stlth+}
                  | (You found it on level 4 of the Dungeon)
  4658 | D:6      | Found a basalt altar of Yredelemnul.
  4751 | D:6      | Reached XP level 7. HP: 38/56 MP: 15/15
  4786 | D:6      | Found a sacrificial altar of Ru.
  4816 | D:6      | Slain by a wight

Skill      XL: |  1  2  3  4  5  6 |
---------------+-------------------+-----
Spellcasting   | 5 |  5.5
Invocations    | 1 2 |  2.5
Short Blades   | 1 2 |  2.2
Long Blades    | 1 2 |  2.2
Axes           | 1 2 |  2.2
Maces & Flails | 1 2 |  2.2
Polearms       | 1 2 |  2.2
Staves         | 1 2 |  2.2
Slings         | 1 2 |  2.2
Bows           | 1 2 |  2.2
Crossbows      | 1 2 |  2.2
Stealth        | 1 2 |  2.2
Shields        | 1 2 |  2.2
Evocations     | 1 2 |  2.2
Conjurations   | 1 |  1.8
Hexes          | 1 |  1.8
Charms         | 1 |  1.8
Summonings     | 1 |  1.8
Necromancy     | 1 |  1.8
Transmutations | 1 |  1.8
Fire Magic     | 1 |  1.8
Ice Magic      | 1 |  1.8
Air Magic      | 1 |  1.8
Earth Magic    | 1 |  1.8
Poison Magic   | 1 |  1.8
Throwing       | 3 |  3.4
Armour         | 3 |  3.4
Fighting       | 5 |  5.1
Dodging        | 5 |  5.1
Unarmed Combat | 5 |  5.1
Translocations | |  5.7

Action                   |  1- 3 |  4- 6 |  7- 9 || total
-------------------------+-------+-------+-------++-------
Melee: Unarmed           |   121 |    12 |       ||   133
       Bite              |    12 |    34 |     5 ||    51
       Punch             |     2 |    13 |     1 ||    16
       Whip              |       |   269 |       ||   269
       Hand axe          |       |    93 |    22 ||   115
  Use: Scroll            |       |     6 |     7 ||    13
 Stab: Sleeping          |       |     1 |       ||     1
  Eat: Chunk             |       |    11 |       ||    11
       Ration            |       |       |     1 ||     1
Armor: Leather armour    |     5 |       |       ||     5
       Ring mail         |    22 |    99 |       ||   121
Dodge: Dodged            |    75 |   219 |    15 ||   309
